 Dungeon Crawl Stone Soup version 0.26-a0-652-gafc20e3620 (webtiles) character file.

Game seed: 2723645093485547646

6008 jasper the Martial Artist (level 10, 0/79 HPs)
             Began as a Demonspawn Abyssal Knight on Oct 3, 2020.
             Was an Elder of Lugonu.
             Slain by a two-headed ogre
             ... wielding a +1 dire flail of protection
              (21 damage)
             ... on level 9 of the Dungeon.
             The game lasted 00:13:33 (11434 turns).

jasper the Martial Artist (DsAK)                   Turns: 11434, Time: 00:13:33

Health: 0/79       AC:  9    Str: 13    XL:     10   Next: 56%
Magic:  16/16      EV: 11    Int: 16    God:    Lugonu [****..]
Gold:   285        SH:  5    Dex: 13    Spells: 3/9 levels left

rFire    . . .     SeeInvis .     - Unarmed
rCold    . . .     Faith    .   (no shield)
rNeg     + . .     Spirit   .   c - +0 scale mail
rPois    .         Reflect  +   D - +0 helmet
rElec    .         Harm     .   (no cloak)
rCorr    .         Rampage  .   (no gloves)
MR       .....                  w - +0 pair of boots {Fly}
Stlth    ..........             C - amulet of reflection
HPRegen  0.23/turn              x - ring of positive energy
MPRegen  0.15/turn              (no ring)

@: flying, lightly drained
A: claws 2, rot immunity, sharp scales 1
a: Depart the Abyss, Bend Space, Banish, Corrupt, Renounce Religion, Stop Flying


You were on level 9 of the Dungeon.
You worshipped Lugonu.
Lugonu was greatly pleased with you.
You visited 1 branch of the dungeon, and saw 9 of its levels.
You visited the Abyss 1 time.

You collected 469 gold pieces.
You spent 184 gold pieces at shops.

Inventory:

Hand Weapons
 a - a +1 hand axe
 z - a +0 war axe
Missiles
 j - 289 stones
 s - a throwing net
 y - 8 boomerangs (quivered)
 J - 2 atropa-tipped darts
Armour
 b - a +0 leather armour
 c - a +0 scale mail (worn)
 w - a +0 pair of boots of flying (worn)
 D - a +0 helmet (worn)
Magical Staves
 N - an uncursed staff of air
 O - an uncursed staff of death
Jewellery
 x - a ring of positive energy (left claw)
 C - an amulet of reflection (around neck)
 I - an uncursed amulet of the acrobat
Scrolls
 h - 2 scrolls of immolation
 k - 6 scrolls of remove curse
 l - 3 scrolls of amnesia
 n - 3 scrolls of random uselessness {unknown}
 p - 2 scrolls of fog {unknown}
 u - 2 scrolls of enchant armour {unknown}
 v - 3 scrolls of teleportation {unknown}
 E - 2 scrolls of blinking {unknown}
 F - 2 scrolls of magic mapping {unknown}
 G - a scroll of fear {unknown}
 K - a scroll of enchant weapon {unknown}
Potions
 d - 3 potions of brilliance
 e - 5 potions of might
 g - a potion of lignification {unknown}
 i - a potion of berserk rage {unknown}
 m - 4 potions of curing {unknown}
 o - a potion of heal wounds
 q - 2 potions of haste {unknown}
 r - 2 potions of degeneration {unknown}
 t - 4 potions of flight {unknown}
 A - a potion of ambrosia {unknown}
 B - 2 potions of invisibility {unknown}
 H - a potion of magic {unknown}
 L - 2 potions of resistance {unknown}


   Skills:
 + Level 7.2 Fighting
 - Level 4.0(3.9) Axes
 - Level 1.7 Armour
 + Level 6.0 Dodging
 * Level 9.5 Unarmed Combat
 + Level 1.7 Transmutations
 - Level 8.4 Invocations


You had 3 spell levels left.
You knew the following spells:

 Your Spells              Type           Power        Failure   Level
a - Petrify               Tmut/Erth      #.......     100%        4
b - Passwall              Tmut/Erth      #.......     77%         2

Your spell library contained the following spells:

 Spells                   Type           Power        Failure   Level
 Animate Skeleton         Necr           #.....       75%         1
 Apportation              Tloc           #.....       75%         1
 Corona                   Hex            #......      75%         1
 Sandblast                Erth           #.....       75%         1
 Summon Small Mammal      Summ           #...         75%         1
 Poisonous Vapours        Pois/Air       #.....       87%         2
 Confusing Touch          Hex            #.......     98%         3
 Conjure Flame            Conj/Fire      #.......     98%         3
 Gell's Gravitas          Tloc           #.........   98%         3
 Mephitic Cloud           Conj/Pois/Air  #.......     98%         3
 Stone Arrow              Conj/Erth      #.....       98%         3
 Lee's Rapid Deconstruct  Erth           #.........   100%        5
 Metabolic Englaciation   Hex/Ice        #.........   100%        5
 Yara's Violent Unravell  Hex/Tmut       #.........   100%        5
 Freezing Cloud           Conj/Ice/Air   #.........   100%        6


Dungeon Overview and Level Annotations

Branches:
Dungeon (9/15)             Temple (0/1) D:7
   Lair: D:8-11         Orc: D:9-12

Altars:
Ashenzari
Fedhas
Nemelex Xobeh
Sif Muna
Uskayaw
Zin
The Shining One

Shops:
D:7 [

Annotations:
D:5 3 runed translucent doors, mattiecakes's ghost, weakling VSDe
Abyss:1 Gastronok; Maurice; Prince Ribbit; Psyche


Innate Abilities, Weirdness & Mutations

You have very sharp fingernails.
You are immune to rotting.
You are partially covered in razor-sharp scales. (AC +1, Slay +1)


Message History

* * * LOW HITPOINT WARNING * * *
Unknown command.
Evoke which item? (* to show all) (? for menu, Esc to quit)
Aiming: Corrosive Bolt
Press: ? - help, Shift-Dir - straight line, f/p - two-headed ogre
Aim: a two-headed ogre, wielding a +1 dire flail of protection and a +0 giant club (severely wounded, covered in acid)
The bolt of acid hits the two-headed ogre!
The two-headed ogre is splashed with acid.
The two-headed ogre seems to be corroded for longer.
The two-headed ogre is almost dead.
The now-empty wand crumbles to dust.
Found a potion of brilliance.
You see here a potion of brilliance.
There is an escape hatch in the ceiling here.
Found a scroll of identify.
A hound comes into view.
Found a hardcover book.
The two-headed ogre is no longer covered in acid.
The two-headed ogre hits you with a +1 dire flail of protection!!
You die...

.#.........<...###
..............## ## ##.
...............## .##...
................# ......
................# ###.....#
................####.......#
........................#
.............<..#..###..
..........!.#@###..#
#..........#O##..##
.###......#h##..#
#..######.....#
########..####.......#
.....##...#....###...?#
.....#......### #.......
.....#.(...## ##.......
.....#.....# #.....:.


You could see a two-headed ogre and a hound.

Vanquished Creatures
  A wyvern (D:8)
  A water moccasin (D:7)
  2 ice beasts
  An orc warrior (D:9)
  2 sky beasts
  A black bear (D:8)
  3 ogres
  A phantom (D:8)
  2 centaurs
  4 bullfrogs
  A scorpion (D:4)
  4 killer bees
  12 wights
  A howler monkey (D:4)
  A centaur zombie (D:7)
  2 hounds (D:4)
  A centaur skeleton (D:5)
  A jelly (D:8)
  4 orc priests
  A gnoll shaman (D:6)
  6 orc wizards
  Jessica (D:2)
  Ijyb (D:3)
  2 worker ants
  9 gnolls
  A howler monkey skeleton (D:9)
  10 adders
  4 white imps
  An ufetubus (D:7)
  2 adder skeletons
  An adder zombie (D:4)
  6 worms
  2 dart slugs (D:3)
  7 leopard geckos
  26 orcs
  2 ball pythons (D:3)
  2 giant cockroaches
  17 goblins
  6 hobgoblins
  10 jackals
  6 quokkas
  5 bats
  7 frilled lizards
  A jackal zombie (D:4)
  6 kobolds
  A leopard gecko zombie (D:9)
  A quokka skeleton (D:8)
  12 rats
201 creatures vanquished.

Notes
Turn   | Place    | Note
-------+----------+-------------------------------------------
     0 | Abyss:1  | jasper the Demonspawn Abyssal Knight began the quest for
                  | the Orb.
     0 | Abyss:1  | Reached XP level 1. HP: 18/18 MP: 2/2
    45 | Abyss:1  | Noticed an ancient zyme
    48 | Abyss:1  | Noticed a small abomination
    50 | D:1      | Escaped the Abyss
   326 | D:1      | Gained mutation: You are partially covered in razor-sharp
                  | scales. (AC +1, Slay +1) [demonic ancestry]
   326 | D:1      | Reached XP level 2. HP: 23/24 MP: 3/3
   419 | D:1      | Reached * piety under Lugonu
  1195 | D:2      | Reached XP level 3. HP: 29/29 MP: 4/4
  1199 | D:2      | Noticed Jessica
  1208 | D:2      | Killed Jessica
  1469 | D:2      | Found a blossoming altar of Fedhas.
  2029 | D:3      | Gained mutation: You have sharp fingernails. [demonic
                  | ancestry]
  2029 | D:3      | Reached XP level 4. HP: 31/35 MP: 5/5
  2196 | D:3      | Reached skill level 1 in Unarmed Combat
  2232 | D:3      | Reached ** piety under Lugonu
  2681 | D:3      | Reached skill level 2 in Unarmed Combat
  2879 | D:3      | Noticed Ijyb
  2890 | D:3      | Killed Ijyb
  2890 | D:3      | Gained mutation: You are immune to rotting. [demonic
                  | ancestry]
  2890 | D:3      | Reached XP level 5. HP: 31/41 MP: 6/6
  3951 | D:4      | Reached skill level 3 in Unarmed Combat
  4302 | D:4      | Reached skill level 4 in Unarmed Combat
  4302 | D:4      | Gained mutation: You have very sharp fingernails. [demonic
                  | ancestry]
  4302 | D:4      | Reached XP level 6. HP: 41/47 MP: 7/7
  4416 | D:4      | Found a hide-covered altar of Uskayaw.
  4416 | D:4      | Found a shimmering blue altar of Sif Muna.
  4549 | D:4      | Reached skill level 1 in Dodging
  4631 | D:4      | Found a broken altar of Ashenzari.
  4691 | D:4      | Found a glowing silver altar of Zin.
  5008 | D:5      | Entered Level 5 of the Dungeon
  5018 | D:5      | Found a sparkling altar of Nemelex Xobeh.
  5032 | D:5      | Noticed an ice beast
  5051 | D:5      | Killed an ice beast
  5251 | D:5      | Reached XP level 7. HP: 43/52 MP: 9/9
  5511 | D:5      | Reached *** piety under Lugonu
  5568 | D:5      | Found a runed translucent gate.
  5569 | D:5      | Found a runed translucent gate.
  5570 | D:5      | Found a runed translucent gate.
  5596 | D:5      | Reached skill level 5 in Unarmed Combat
  5834 | D:5      | Noticed mattiecakes's ghost (weakling VSDe)
  6998 | D:6      | Reached XP level 8. HP: 49/60 MP: 11/11
  7053 | D:6      | Found a glowing golden altar of the Shining One.
  7293 | D:6      | Learned a level 4 spell: Petrify
  7360 | D:7      | Found Ritets's Armour Shop.
  7368 | D:7      | Bought a +0 pair of boots of flying for 184 gold pieces
  7499 | D:7      | Reached skill level 6 in Unarmed Combat
  7670 | D:7      | Noticed a hippogriff
  7711 | D:6      | Reached skill level 5 in Invocations
  7927 | D:7      | Banished a hippogriff
  8009 | D:7      | Learned a level 2 spell: Passwall
  8302 | D:7      | Reached skill level 5 in Fighting
  8563 | D:6      | Reached skill level 7 in Unarmed Combat
  8857 | D:7      | HP: 1/62 [ogre/+0 giant spiked club (25)]
  9186 | D:7      | Noticed Prince Ribbit
  9191 | D:7      | Banished Prince Ribbit
  9191 | D:7      | Reached XP level 9. HP: 68/68 MP: 8/13
  9275 | D:7      | Found a staircase to the Ecumenical Temple.
  9518 | D:8      | Noticed Gastronok
  9753 | D:8      | Noticed Maurice
  9754 | D:8      | Banished Maurice
  9843 | D:8      | Noticed Psyche
  9847 | D:8      | Banished Psyche
  9847 | D:8      | Reached skill level 8 in Unarmed Combat
 10022 | D:8      | Banished Gastronok
 10022 | D:8      | Reached skill level 5 in Dodging
 10022 | D:8      | Reached skill level 9 in Unarmed Combat
 10022 | D:8      | Reached XP level 10. HP: 77/77 MP: 14/16
 10397 | D:8      | Reached skill level 1 in Transmutations
 10763 | D:9      | Reached **** piety under Lugonu
 11293 | D:9      | Found a blossoming altar of Fedhas.
 11375 | D:9      | Noticed a two-headed ogre
 11434 | D:9      | Slain by a two-headed ogre

Illustrated notes

Levels and vault maps discovered:
D:1:      nzn_arrival_crosshair, layout_loops_corners, kennysheep_nondescript,
          minmay_tromino_v4_c
D:2:      layout_basic, fedhas_ov_isle_minmay, uniq_jessica
D:3:      mumra_celtic_spiral_tile, layout_basic,
          chequers_serial_rivers_large_a, nrook_mini_backslash, uniq_ijyb
D:4:      layout_basic, gammafunk_temple_overflow_pools,
          gammafunk_temple_overflow_statue
D:5:      layout_basic, gammafunk_ghost_necromancy, basic_altar,
          eino_small_chamber_without_monster, chequers_serial_rivers_small_3
D:6:      layout_basic, lemuel_coloured_pillars_altar
D:7:      layout_rooms, temple_hall, serial_shops, nicolae_shop_trees,
          minmay_diced_spiral, uniq_prince_ribbit1
D:8:      layout_cave_pools, uniq_gastronok, uniq_maurice, uniq_psyche
D:9:      layout_layer_cave, kennysheep_little_box, kennysheep_generic_room_2

Skill      XL: |  1  2  3  4  5  6  7  8  9 10 |
---------------+-------------------------------+-----
Axes           | 2 3 4 |  4.0
Unarmed Combat | 2 4 5 7 9 |  9.5
Dodging        | 1 2 4 5 6 |  6.0
Invocations    | 3 4 6 8 |  8.4
Fighting       | 4 5 6 7 |  7.2
Transmutations | 1 |  1.7
Armour         | |  1.7

Action                   |  1- 3 |  4- 6 |  7- 9 | 10-12 || total
-------------------------+-------+-------+-------+-------++-------
Melee: Hand axe          |    90 |   117 |       |       ||   207
       War axe           |       |   126 |    23 |       ||   149
       Punch             |       |     3 |     6 |     3 ||    12
       Unarmed           |       |       |   278 |   103 ||   381
Throw: Stone             |     7 |       |       |       ||     7
       Boomerang         |       |     3 |    58 |    29 ||    90
Invok: Depart the Abyss  |     1 |       |       |       ||     1
       Banish            |       |       |     5 |     1 ||     6
Evoke: Wand              |       |     2 |     6 |     9 ||    17
  Use: Potion            |       |     2 |       |       ||     2
       Scroll            |       |       |       |     7 ||     7
 Stab: Paralysed         |       |     6 |       |       ||     6
Armor: Scale mail        |    56 |   124 |   142 |    21 ||   343
Dodge: Dodged            |    38 |   121 |   143 |    46 ||   348

Table legend: (Time is in decaauts)
 A = Elapsed time spent in this place.
 B = Non-inter-level travel time spent in this place.
 C = Inter-level travel time spent in this place.
 D = Time resting spent in this place.
 E = Time spent auto-exploring this place.
 F = Levels seen in this place.
 G = Mean time per level.
                   A        B        C        D        E       F      G
               +--------+--------+--------+--------+--------+-----+--------+
         Total |  11504 |  11110 |    394 |   2145 |   7238 |  10 | 1150.4 |
       Dungeon |  11454 |  11060 |    394 |   2145 |   7193 |   9 | 1272.7 |
         Abyss |     50 |     50 |      0 |      0 |     45 |   1 |   50.0 |
               +--------+--------+--------+--------+--------+-----+--------+

Top non-repeatable levels by time:
     D:6: 2105 daAuts
     D:3: 1939 daAuts
     D:7: 1577 daAuts
     D:1: 1129 daAuts
     D:5: 1105 daAuts
     D:4: 1102 daAuts
     D:8: 935 daAuts
     D:2: 851 daAuts
     D:9: 707 daAuts
 Abyss:1: 50 daAuts
